 Dungeon Crawl Stone Soup version 0.30-a0-800-g7c544603b3 (webtiles) character file.

Game seed: 6141040261638189243

130 Pimp the Sneak (level 4, 0/23 HPs)
             Began as a Spriggan Brigand on Feb 21, 2023.
             Slain by an orc wizard
             ... wielding a +0 dagger of flaming
              (4 damage)
             ... on level 3 of the Dungeon.
             The game lasted 00:03:36 (1903 turns).

Pimp the Sneak (Spriggan Brigand)                   Turns: 1903, Time: 00:03:36

Health: 0/23       AC:  3    Str:  7    XL:     4   Next: 89%
Magic:  5/5        EV: 18    Int: 12    God:
Gold:   126        SH:  0    Dex: 18    Spells: 3/3 levels left

rFire   . . .      SeeInvis +    a - +2 dagger
rCold   . . .      Faith    .    (no shield)
rNeg    . . .      Spirit   .    b - +0 robe
rPois   .          Reflect  .    (helmet restricted)
rElec   .          Harm     .    c - +0 cloak
rCorr   .          Rampage  +    (gloves unavailable)
Will    +....      NoTele   +    (boots unavailable)
Stlth   ++++                     n - amulet of Upri Com {RegenMP -Tele Rampage Will+}
HPRegen 0.23/turn                (no ring)
MPRegen 0.49/turn                (no ring)

@: very quick
A: very small, no large weapons, unfitting armour, see invisible, speed 3
a: no special abilities


You were on level 3 of the Dungeon.
You visited 1 branch of the dungeon, and saw 3 of its levels.

You collected 126 gold pieces.

Inventory:

Hand Weapons
 a - a +2 dagger (weapon)
Missiles
 d - 12 poisoned darts (quivered)
 e - 3 curare-tipped darts
Armour
 b - a +0 robe (worn)
 c - a +0 cloak (worn)
Jewellery
 n - the amulet of Upri Com (around neck) {RegenMP -Tele Rampage Will+}
   (You found it on level 2 of the Dungeon)

   [amulet of magic regeneration]

   It increases your rate of magic regeneration.
   -Tele:     It prevents most forms of teleportation.
   Rampage:   It bestows one free step when moving towards enemies.
   Will:      It increases your willpower.
 q - an amulet of the acrobat
Scrolls
 f - 2 scrolls of immolation {unknown}
 g - 2 scrolls of enchant armour {unknown}
 j - a scroll of brand weapon {unknown}
 k - 3 scrolls of teleportation {unknown}
 l - a scroll of acquirement {unknown}
 m - 3 scrolls of identify {unknown}
 o - a scroll of amnesia {unknown}
 p - a scroll of summoning {unknown}
 s - a scroll of fog {unknown}
Potions
 h - a potion of heal wounds {unknown}
 i - a potion of cancellation {unknown}
 r - a potion of mutation {unknown}
 t - 2 potions of flight {unknown}


   Skills:
 + Level 2.4 Fighting
 + Level 3.1 Short Blades
 + Level 2.8 Throwing
 + Level 3.0 Dodging
 + Level 6.7 Stealth


You had 3 spell levels left.
You didn't know any spells.
Your spell library contained the following spells:

 Spells                   Type           Power      Damage    Failure   Level
 Beastly Appendage        Tmut           0%         N/A       32%         1
 Kiss of Death            Conj/Necr      0%         2d5       32%         1
 Ensorcelled Hibernation  Hex/Ice        0%         N/A       45%         2
 Passwall                 Tmut/Erth      0%         N/A       45%         2
 Wereblood                Tmut           0%         N/A       45%         2
 Confusing Touch          Hex            0%         N/A       69%         3
 Spider Form              Tmut/Pois      0%         N/A       69%         3
 Swiftness                Air            0%         N/A       69%         3
 Dispel Undead            Necr           0%         3d6       97%         4


Dungeon Overview and Level Annotations

Branches:
Dungeon (3/15)

Altars:
Vehumet


Innate Abilities, Weirdness & Mutations

You are very small and have problems with some larger weapons.
You are too small for most types of armour.
You have supernaturally acute eyesight. (SInv)
You cover ground extremely quickly. (Speed+++)


Message History

You rampage towards the bat!
You rampage towards the bat!
The bat misses you.
You hit the bat.
You kill the bat!
You see here a bat corpse.
You see here a bat corpse.
An orc wizard comes into view. It is wielding a +0 dagger of flaming.
Unknown command.
You rampage towards the orc wizard!
An orc wizard comes into view. It is wielding a +0 dagger.
You rampage towards the orc wizard!
An orc comes into view. It is wielding a +0 mace.
You barely miss the orc wizard. The orc wizard casts a spell at you.
The magic dart hits you but does no damage.
The orc moves out of view.
You closely miss the orc wizard. The orc wizard misses you.
You closely miss the orc wizard.
The orc wizard hits you with a +0 dagger of flaming.
The orc wizard burns you.
The orc wizard shouts!
You hit the orc wizard.
The orc wizard is lightly wounded.
The orc wizard closely misses you.
You hit the orc wizard.
The orc wizard is moderately wounded.
You hit the orc wizard but do no damage.
The orc wizard is moderately wounded.
The orc wizard hits you with a +0 dagger of flaming.
The orc wizard burns you.
You hit the orc wizard.
The orc wizard is heavily wounded.
The orc wizard misses you.
You hit the orc wizard.
The orc wizard is heavily wounded.
The orc wizard points at you and mumbles some strange words.
The magic dart hits you!
* * * LOW HITPOINT WARNING * * *
The orc wizard hits you with a +0 dagger of flaming.
You die...

#.# #....#....## #†#
######......
#.##.>..........
#.#..#######...# #.#.#
#...# #...# ##..# ###
####.### ##..
>...##....# ###.#
##..oo@#.##########....
#....o.........##.).##.
#..######.#####.#..#####
.. #.# #....####. #.#
##......... #.#
##..#######. ##.###..##
#. #......## #. #.#.####
#.


You could see 2 orc wizards and an orc.

Vanquished Creatures
  An iguana (D:3)
  2 adders (D:3)
  A gnoll (D:1)
  2 worms (D:2)
  5 orcs (D:3)
  4 ball pythons
  5 bats
  5 endoplasms
  5 giant cockroaches
  8 goblins
  4 hobgoblins
  3 jackals (D:3)
  2 quokkas
  4 frilled lizards
  5 kobolds
  4 rats
60 creatures vanquished.

Notes
Turn   | Place    | Note
-------+----------+-------------------------------------------
     0 | D:1      | Pimp the Spriggan Brigand began the quest for the Orb.
     0 | D:1      | Reached XP level 1. HP: 10/10 MP: 2/2
   129 | D:1      | Reached skill level 6 in Stealth
   141 | D:1      | Reached XP level 2. HP: 15/15 MP: 3/3
   375 | D:1      | Reached XP level 3. HP: 18/18 MP: 4/4
  1073 | D:2      | Identified the amulet of Upri Com {RegenMP -Tele Rampage
                  | Will+}
  1187 | D:2      | Found a faded altar of an unknown god.
  1468 | D:3      | Reached XP level 4. HP: 21/23 MP: 5/5
  1560 | D:3      | Found a radiant altar of Vehumet.
  1903 | D:3      | Slain by an orc wizard

Illustrated notes

Levels and vault maps discovered:
D:1:      lemuel_arrival_cross, layout_loops_ring, minmay_misc_feat_square
D:2:      layout_basic, serial_curves, eino_curves_04, eino_curves_04,
          hellmonk_ecumenical_altar_arch_garden, minivault_25, minivault_26
D:3:      layout_rooms, nemelex_diamond_rough_becter,
          nicolae_vehumet_altar_sigil

Skill      XL: |  1  2  3  4 |
---------------+-------------+-----
Stealth        | 6 |  6.7
Dodging        | 2 3 |  3.0
Fighting       | 2 |  2.4
Short Blades   | 3 |  3.1
Throwing       | |  2.8

Action                     |  1- 3 |  4- 6 || total
---------------------------+-------+-------++-------
  Melee: Dagger            |   129 |    74 ||   203
         Punch             |     2 |     1 ||     3
  Throw: Dart              |       |     2 ||     2
   Stab: Sleeping          |    14 |     4 ||    18
 Armour: Robe              |    12 |    10 ||    22
  Dodge: Dodged            |    87 |    43 ||   130

Table legend: (Time is in decaauts)
 A = Elapsed time spent in this place.
 B = Non-inter-level travel time spent in this place.
 C = Inter-level travel time spent in this place.
 D = Time resting spent in this place.
 E = Time spent auto-exploring this place.
 F = Levels seen in this place.
 G = Mean time per level.
                   A        B        C        D        E       F      G
               +--------+--------+--------+--------+--------+-----+--------+
         Total |   1272 |   1242 |     30 |      0 |    850 |   3 |  424.0 |
       Dungeon |   1272 |   1242 |     30 |      0 |    850 |   3 |  424.0 |
               +--------+--------+--------+--------+--------+-----+--------+

Top non-repeatable levels by time:
     D:1: 513 daAuts
     D:2: 419 daAuts
     D:3: 339 daAuts
